 Dungeon Crawl Stone Soup version 0.27.1-33-g824d729ab1 (webtiles) character file.

Game seed: 17333660712739218704

759 zeram the Caller (level 7, -5/51 HPs)
             Began as a Gnoll Summoner on Dec 15, 2021.
             Killed from afar by Pikel (11 damage)
             ... with a puff of flame
             ... on level 6 of the Dungeon.
             The game lasted 00:16:38 (6382 turns).

zeram the Caller (Gnoll Summoner)                   Turns: 6382, Time: 00:16:39

Health: -5/51      AC:  0    Str:  8    XL:     7   Next: 80%
Magic:  7/15       EV: 13    Int: 16    God:
Gold:   310        SH:  5    Dex: 12    Spells: 5/17 levels left

rFire    . . .     SeeInvis .   k - +0 halberd (flame)
rCold    . . .     Faith    .   (shield currently unavailable)
rNeg     . . .     Spirit   .   (no armour)
rPois    .         Reflect  +   (no helmet)
rElec    .         Harm     .   (no cloak)
rCorr    .         Rampage  .   (no gloves)
Will     .....                  (no boots)
Stlth    +++.......             c - amulet of reflection
HPRegen  0.17/turn              (no ring)
MPRegen  0.14/turn              (no ring)

@: no status effects
A: fangs 1, strong nose, distributed training
a: no special abilities


You were on level 6 of the Dungeon.
You visited 1 branch of the dungeon, and saw 6 of its levels.

You collected 310 gold pieces.

Inventory:

Hand Weapons
 b - a +0 short sword
 k - a +0 halberd of flaming (weapon)
 m - a +3 flail of holy wrath
Missiles
 i - 37 stones (quivered)
Armour
 a - a +2 robe
 q - +0 steam dragon scales
Jewellery
 c - an amulet of reflection (around neck)
 e - a ring of magical power
 n - a ring of magical power
Wands
 p - a wand of digging (4)
Scrolls
 f - 2 scrolls of summoning
 g - a scroll of enchant armour
 j - 3 scrolls of teleportation
 o - a scroll of fear
Potions
 d - a potion of haste
 h - 3 potions of lignification {unknown}
 l - 2 potions of might {unknown}


   Skills:
 + Level 2.7 Fighting
 + Level 2.7 Short Blades
 + Level 2.7 Long Blades
 + Level 2.7 Axes
 + Level 2.7 Maces & Flails
 + Level 2.7 Polearms
 + Level 2.7 Staves
 + Level 2.7 Slings
 + Level 2.7 Bows
 + Level 2.7 Crossbows
 + Level 2.7 Throwing
 + Level 2.7 Armour
 + Level 5.3 Dodging
 + Level 5.0 Stealth
 + Level 2.7 Shields
 + Level 2.7 Unarmed Combat
 + Level 5.7 Spellcasting
 + Level 2.2 Conjurations
 + Level 2.2 Hexes
 + Level 7.5 Summonings
 + Level 2.2 Necromancy
 + Level 2.2 Translocations
 + Level 2.2 Transmutations
 + Level 2.2 Fire Magic
 + Level 2.2 Ice Magic
 + Level 2.2 Air Magic
 + Level 2.2 Earth Magic
 + Level 2.2 Poison Magic
 + Level 3.0 Invocations
 + Level 2.7 Evocations


You had 5 spell levels left.
You knew the following spells:

 Your Spells              Type           Power      Damage    Failure   Level
a - Summon Lightning Spi  Summ/Air       20%        N/A       19%         4
b - Call Imp              Summ           28%        N/A       1%          2
c - Call Canine Familiar  Summ           28%        N/A       1%          3
d - Swiftness             Air            11%        N/A       17%         3

Your spell library contained the following spells:

 Spells                   Type           Power      Damage    Failure   Level
 Summon Small Mammal      Summ           100%       N/A       1%          1
 Beastly Appendage        Tmut           22%        N/A       6%          1
 Summon Guardian Golem    Hex/Summ       20%        N/A       6%          3
 Passwall                 Tmut/Erth      9%         N/A       9%          2
 Wereblood                Tmut           11%        N/A       9%          2
 Spider Form              Tmut/Pois      5%         N/A       17%         3
 Invisibility             Hex            5%         N/A       100%        6


Dungeon Overview and Level Annotations

Branches:
Dungeon (6/15)             Temple (0/1) D:6

Altars:
Ashenzari
Trog
Uskayaw

Shops:
D:2 =

Annotations:
D:6 Pikel


Innate Abilities, Weirdness & Mutations

You have very sharp teeth.
Your uncanny sense of smell can sniff out nearby items.
Your experience applies equally to all skills.


Message History

Unknown command.
You closely miss the lemure. Your bite misses the lemure.
The lemure is almost dead.
Your crimson imp hits Pikel but does no damage.
Your crimson imp blinks!
Unknown command.
Your crimson imp misses Pikel.
The wyvern skeleton bites your crimson imp.
Your crimson imp blinks!
The lemure hits your crimson imp but does no damage.
The wyvern skeleton bites your crimson imp.
Your crimson imp hits the lemure but does no damage.
The lemure barely misses your crimson imp.
Pikel zaps a wand.
The puff of flame hits you!
The wyvern skeleton bites your crimson imp!
Your crimson imp barely misses the lemure.
The lemure closely misses your crimson imp.
The wyvern skeleton closely misses your crimson imp.
There is an open door here.
Your crimson imp blinks!
The lemure closely misses your crimson imp.
Your crimson imp misses the lemure.
The lemure closely misses your crimson imp.
Your crimson imp closely misses the lemure.
The lemure hits your crimson imp!
Your crimson imp dies!
Your crimson imp disappears in a puff of smoke!
The lemure shouts!
Casting: Call Imp (safe; 1% risk of failure)
Confirm with . or Enter, or press ? or * to list all spells.
A beastly little devil appears in a puff of flame.
Your crimson imp barely misses the lemure.
The lemure hits you!
* * * LOW HITPOINT WARNING * * *
Unknown command.
Your crimson imp blinks!
Pikel zaps a wand.
The puff of flame hits you!
* * * LOW HITPOINT WARNING * * *
Pikel zaps a wand.
The puff of flame hits you!
You die...

..#####....5.......####+##.##.##
... #....5.......'....#.....#.
.. #............#....#.<...#.
#.......K5...#..######..##
...#######....##+######.)## ....
#....#......#...). #....
#....#......+..... #....
#....#......#.....
#@...#......#.....
#....#......#..... #.
##....#..##..###### #...
#.....#'###########
.....#.....#........#...
...........'........#...
....#......#####....##..
.......#+#....##....##.. ...#.#.
+....#.....'...


You could see Pikel and a lemure.

Vanquished Creatures
  2 ogres
  A water moccasin skeleton (D:4)
  2 hounds (D:5)
  A centaur skeleton (D:5)
  2 gnolls
  An adder (D:3)
  A white imp (D:5)
  3 orcs (D:5)
  An endoplasm (D:2)
  A goblin (D:4)
  A hobgoblin (D:3)
  A jackal (D:3)
  A kobold (D:1)
  2 quokkas
  2 ball pythons (D:1)
  5 bats
  3 frilled lizards
  A rat (D:2)
31 creatures vanquished.

Vanquished Creatures (collateral kills)
  A steam dragon (D:6)
  Edmund (D:5)
  A black bear (D:6)
  A scorpion (D:6)
  A gnoll sergeant (D:5)
  2 hounds
  3 iguanas
  A killer bee zombie (D:5)
  6 gnolls
  3 adders
  2 worms
  5 ball pythons
  3 bats
  2 endoplasms
  A giant cockroach (D:4)
  A goblin (D:2)
  3 jackals (D:3)
  A quokka (D:1)
  A frilled lizard (D:3)
  5 kobolds
44 creatures vanquished.

Vanquished Creatures (others)
  9 fungi
  2 plants (D:3)
11 creatures vanquished.

Grand Total: 86 creatures vanquished

Notes
Turn   | Place    | Note
-------+----------+-------------------------------------------
     0 | D:1      | zeram the Gnoll Summoner began the quest for the Orb.
     0 | D:1      | Reached XP level 1. HP: 13/13 MP: 6/6
   645 | D:1      | Reached XP level 2. HP: 5/19 MP: 5/7
  2034 | D:2      | Learned a level 2 spell: Call Imp
  2639 | D:2      | Found Tiosoiwu's Jewellery Shop.
  2752 | D:3      | Reached skill level 5 in Spellcasting
  2752 | D:3      | Reached XP level 3. HP: 25/25 MP: 4/9
  2756 | D:3      | Learned a level 3 spell: Call Canine Familiar
  3008 | D:3      | Reached skill level 1 in Invocations
  3156 | D:3      | Found a faded altar of an unknown god.
  3309 | D:3      | Learned a level 3 spell: Swiftness
  3323 | D:4      | Noticed an ogre
  3342 | D:4      | Reached skill level 1 in Fighting
  3342 | D:4      | Reached skill level 1 in Short Blades
  3342 | D:4      | Reached skill level 1 in Long Blades
  3342 | D:4      | Reached skill level 1 in Axes
  3342 | D:4      | Reached skill level 1 in Maces & Flails
  3342 | D:4      | Reached skill level 1 in Polearms
  3342 | D:4      | Reached skill level 1 in Staves
  3342 | D:4      | Reached skill level 1 in Slings
  3342 | D:4      | Reached skill level 1 in Bows
  3342 | D:4      | Reached skill level 1 in Crossbows
  3342 | D:4      | Reached skill level 1 in Throwing
  3342 | D:4      | Reached skill level 1 in Armour
  3342 | D:4      | Reached skill level 1 in Shields
  3342 | D:4      | Reached skill level 1 in Unarmed Combat
  3342 | D:4      | Reached skill level 1 in Evocations
  3342 | D:4      | Reached XP level 4. HP: 27/32 MP: 2/11
  3342 | D:4      | Killed an ogre
  3343 | D:4      | Reached skill level 1 in Conjurations
  3343 | D:4      | Reached skill level 1 in Hexes
  3343 | D:4      | Reached skill level 1 in Necromancy
  3343 | D:4      | Reached skill level 1 in Translocations
  3343 | D:4      | Reached skill level 1 in Transmutations
  3343 | D:4      | Reached skill level 1 in Fire Magic
  3343 | D:4      | Reached skill level 1 in Ice Magic
  3343 | D:4      | Reached skill level 1 in Air Magic
  3343 | D:4      | Reached skill level 1 in Earth Magic
  3343 | D:4      | Reached skill level 1 in Poison Magic
  3343 | D:4      | Reached XP level 5. HP: 32/37 MP: 2/12
  4116 | D:4      | Learned a level 4 spell: Summon Lightning Spire
  4359 | D:5      | Entered Level 5 of the Dungeon
  4417 | D:5      | Reached XP level 6. HP: 39/44 MP: 13/13
  4489 | D:5      | Noticed Edmund
  4513 | D:5      | Killed Edmund
  4514 | D:5      | Reached skill level 5 in Dodging
  4828 | D:5      | Found a hide-covered altar of Uskayaw.
  4855 | D:5      | Found a bloodstained altar of Trog.
  5048 | D:5      | Found a broken altar of Ashenzari.
  5065 | D:5      | Reached XP level 7. HP: 49/50 MP: 15/15
  6254 | D:6      | Reached skill level 5 in Stealth
  6292 | D:6      | Found a staircase to the Ecumenical Temple.
  6323 | D:6      | Noticed a steam dragon
  6339 | D:6      | Killed a steam dragon
  6353 | D:6      | Noticed Pikel
  6382 | D:6      | Killed from afar by Pikel

Illustrated notes

Levels and vault maps discovered:
D:1:      wheals_arrival_shading, layout_basic
D:2:      layout_loops_ring, serial_shops, nicolae_shop_behind_doors,
          nrook_mini_backslash
D:3:      layout_rooms, dreamdust_ecumenical_altar_grove
D:4:      layout_rooms, serial_aquarium, aquarium_bridge_long_joined
          [aquarium_subvault_bridge, aquarium_subvault_wall,
          aquarium_subvault_wall, aquarium_subvault_wall,
          aquarium_subvault_wall, aquarium_subvault_balcony],
          aquarium_bridge_square [aquarium_subvault_bridge,
          aquarium_subvault_wall, aquarium_subvault_wall,
          aquarium_subvault_wall], aquarium_window_2, aquarium_window_fake,
          aquarium_window_1, aquarium_window_corridor_1, aquarium_view_2d,
          aquarium_view_2a, aquarium_balcony_1a, dk_rats_in_the_wall
D:5:      layout_rooms, kennysheep_mini, mainiacjoe_overflow_two_lobes,
          uniq_edmund
D:6:      layout_gridville, mainiacjoe_overflow_chevrons,
          minmay_temple_entry_slanted, uniq_pikel

Skill      XL: |  1  2  3  4  5  6  7 |
---------------+----------------------+-----
Spellcasting   | 5 |  5.7
Invocations    | 1 2 3 |  3.0
Fighting       | 1 2 |  2.7
Short Blades   | 1 2 |  2.7
Long Blades    | 1 2 |  2.7
Axes           | 1 2 |  2.7
Maces & Flails | 1 2 |  2.7
Polearms       | 1 2 |  2.7
Staves         | 1 2 |  2.7
Slings         | 1 2 |  2.7
Bows           | 1 2 |  2.7
Crossbows      | 1 2 |  2.7
Throwing       | 1 2 |  2.7
Armour         | 1 2 |  2.7
Shields        | 1 2 |  2.7
Unarmed Combat | 1 2 |  2.7
Evocations     | 1 2 |  2.7
Conjurations   | 1 2 |  2.2
Hexes          | 1 2 |  2.2
Necromancy     | 1 2 |  2.2
Translocations | 1 2 |  2.2
Transmutations | 1 2 |  2.2
Fire Magic     | 1 2 |  2.2
Ice Magic      | 1 2 |  2.2
Air Magic      | 1 2 |  2.2
Earth Magic    | 1 2 |  2.2
Poison Magic   | 1 2 |  2.2
Dodging        | 5 |  5.3
Stealth        | 5 |  5.0
Summonings     | |  7.5

Action                   |  1- 3 |  4- 6 |  7- 9 || total
-------------------------+-------+-------+-------++-------
Melee: Unarmed           |    26 |       |       ||    26
       Short sword       |    92 |    11 |       ||   103
       Bite              |     7 |     2 |     3 ||    12
       Halberd           |       |    48 |    31 ||    79
 Cast: Summon Small Mamm |    21 |       |       ||    21
       Call Imp          |    10 |     9 |    21 ||    40
       Call Canine Famil |       |    11 |     8 ||    19
  Use: Scroll            |     7 |     3 |     2 ||    12
 Stab: Sleeping          |     5 |     1 |     1 ||     7
Armor: Robe              |    26 |    18 |     6 ||    50
Dodge: Dodged            |    81 |    39 |    27 ||   147
Block: Other             |    22 |    13 |     8 ||    43
       Reflection        |       |     1 |       ||     1
